 Dungeon Crawl Stone Soup version 0.29.1-15-g9cfb28693d (webtiles) character file.

Game seed: 2778062552532166811

124 Peloso the Slasher (level 4, -1/40 HPs)
             Began as a Minotaur Fighter on Apr 22, 2023.
             Slain by an orc
             ... wielding a +0 short sword
              (2 damage)
             ... on level 4 of the Dungeon.
             The game lasted 00:03:08 (2477 turns).

Peloso the Slasher (Minotaur Fighter)               Turns: 2477, Time: 00:03:09

Health: -1/40      AC:  0    Str: 21    XL:     4   Next: 81%
Magic:  3/3        EV:  7    Int:  5    God:
Gold:   137        SH:  4    Dex: 11    Spells: 3/3 levels left

rFire   . . .      SeeInvis .   a - +0 long sword
rCold   . . .      Faith    .   d - +0 buckler
rNeg    . . .      Spirit   .   b - +0 chain mail
rPois   .          Reflect  .   (helmet restricted)
rElec   .          Harm     .   (no cloak)
rCorr   .          Rampage  .   (no gloves)
Will    .....                   c - +1 pair of boots
Stlth   ..........              (no amulet)
HPRegen 0.13/turn               (no ring)
MPRegen 0.08/turn               (no ring)

@: corroded
A: horns 2, retaliatory headbutt
a: no special abilities


You were on level 4 of the Dungeon.
You visited 1 branch of the dungeon, and saw 4 of its levels.

You collected 137 gold pieces.

Inventory:

Hand Weapons
 a - a +0 long sword (weapon)
Armour
 b - a +0 chain mail (worn)
 c - a +1 pair of boots (worn)
 d - a +0 buckler (worn)
Scrolls
 e - a scroll of butterflies
 g - 2 scrolls of enchant armour
 h - a scroll of brand weapon
 j - a scroll of amnesia
Potions
 f - 2 potions of might
 k - a potion of flight
 l - a potion of heal wounds
 m - a potion of mutation


   Skills:
 + Level 4.0 Fighting
 + Level 4.5 Long Blades
 + Level 4.4 Armour
 + Level 1.3 Dodging
 + Level 0.2 Stealth
 + Level 4.0 Shields


You had 3 spell levels left.
You didn't know any spells.
Your spell library contained the following spells:

 Spells                   Type           Power      Damage    Failure   Level
 Summon Small Mammal      Summ           0%         N/A       99%         1
 Ensorcelled Hibernation  Hex/Ice        0%         N/A       100%        2
 Call Canine Familiar     Summ           0%         N/A       100%        3
 Spider Form              Tmut/Pois      0%         N/A       100%        3
 Summon Guardian Golem    Hex/Summ       0%         N/A       100%        3
 Anguish                  Hex/Necr       0%         N/A       100%        4


Dungeon Overview and Level Annotations

Branches:
Dungeon (4/15)
 Temple: D:4-7

Altars:
Ashenzari
Kikubaaqudgha

Annotations:
D:3 1 runed translucent door, Crazy Yiuf


Innate Abilities, Weirdness & Mutations

You have a pair of horns on your head.
You reflexively headbutt those who attack you in melee.


Message History

What level of the Dungeon? (default 1, ? - help)
There is a stone staircase leading down here.
You climb downwards.
The jelly quivers.
Found 5 gold pieces and a spear.
There is a stone staircase leading up here.
A jelly is nearby!
The jelly jiggles.
A kobold comes into view. It is wielding a +0 dagger.
The kobold shouts!
You hear a shout!
You hit the jelly.
Your hands burn!
The jelly is lightly wounded.
The kobold throws a stone.
The stone closely misses you. The jelly hits you. The acid corrodes you!
You are splashed with acid!
You hit the jelly.
Your hands burn!
The jelly is heavily wounded.
The jelly barely misses you. You furiously retaliate!
You headbutt the jelly, but do no damage.
An orc comes into view. It is wielding a +0 short sword.
You hit the jelly. The acid corrodes you!
Your hands burn!
The jelly is almost dead.
You block the jelly's attack.
You hit the jelly but do no damage. The acid corrodes you!
Your hands burn!
The jelly is almost dead.
The jelly hits you.
You are splashed with acid!
* * * LOW HITPOINT WARNING * * *
The kobold throws a stone.
The stone hits you.
* * * LOW HITPOINT WARNING * * *
You hit the jelly but do no damage.
Your hands burn!
* * * LOW HITPOINT WARNING * * *
You headbutt the jelly.
You kill the jelly!
Your Fighting skill increases to level 4!
The orc hits you with a +0 short sword.
* * * LOW HITPOINT WARNING * * *
The kobold closely misses you. You furiously retaliate!
You headbutt the kobold, but do no damage.
A worm comes into view.
Found a stone staircase leading down.
The orc hits you with a +0 short sword.
You die...

+..........
##)........
#......... .
.......# .. ......#
...
#.####....####...
#.....<^........
####........######
..........@.......
#.###...##Ko..#...>
#......$..# .
#.......#....
#.......#..##
#.......#..#
#.......# ..
#...w...# ###


You could see a worm, an orc and a kobold.

Vanquished Creatures
  A jelly (D:4)
  4 adders
  2 worms
  A dart slug (D:1)
  7 endoplasms
  2 giant cockroaches
  4 goblins
  5 hobgoblins
  9 jackals
  A quokka (D:3)
  2 ball pythons
  3 bats
  2 frilled lizards (D:1)
  3 kobolds
  5 rats
51 creatures vanquished.

Notes
Turn   | Place    | Note
-------+----------+-------------------------------------------
     0 | D:1      | Peloso the Minotaur Fighter began the quest for the Orb.
     0 | D:1      | Reached XP level 1. HP: 19/19 MP: 0/0
   299 | D:1      | Reached XP level 2. HP: 17/27 MP: 1/1
  1162 | D:2      | Reached XP level 3. HP: 23/33 MP: 2/2
  1410 | D:2      | Reached skill level 1 in Dodging
  1479 | D:2      | Found a faded altar of an unknown god.
  1576 | D:2      | Reached XP level 4. HP: 31/40 MP: 3/3
  2040 | D:3      | Found a runed translucent door.
  2041 | D:3      | Noticed Crazy Yiuf
  2116 | D:3      | Found a broken altar of Ashenzari.
  2202 | D:3      | Found an ancient bone altar of Kikubaaqudgha.
  2476 | D:4      | HP: 1/40 [orc/+0 short sword (6)]
  2477 | D:4      | Slain by an orc

Illustrated notes

Levels and vault maps discovered:
D:1:      erik_arrival_triangle_medium, layout_basic
D:2:      layout_basic, ebering_ecumenical_altar_sacrificial
D:3:      layout_loops_ring, mainiacjoe_overflow_big_doors,
          uniq_crazy_yiuf_cottage
D:4:      layout_basic, overflow_temple_1_default, grunt_gozag_statues,
          minmay_starry_boxes, uniq_menkaure

Skill      XL: |  1  2  3  4 |
---------------+-------------+-----
Armour         | 4 |  4.4
Long Blades    | 3 4 |  4.5
Dodging        | 1 |  1.3
Shields        | 4 |  4.0
Fighting       | 4 |  4.0
Stealth        | |  0.2

Action                   |  1- 3 |  4- 6 || total
-------------------------+-------+-------++-------
Melee: Long sword        |    82 |    31 ||   113
       Headbutt          |    12 |     5 ||    17
  Use: Scroll            |     2 |     6 ||     8
       Potion            |     2 |       ||     2
Armor: Scale mail        |    52 |     9 ||    61
Dodge: Dodged            |    46 |    14 ||    60
Block: Buckler           |    18 |     9 ||    27
